[Event "GrandPrix_30.05"]
[Site "Chess.com"]
[Date "2020.05.30"]
[Round "3"]
[White "ValeriyGrinev"]
[Black "Gabrielian_Artur"]
[Result "1-0"]
[WhiteElo "2147"]
[BlackElo "2229"]
[TimeControl "600+2"]
[EndTime "9:23:56 PDT"]
[Termination "ValeriyGrinev won on time"]

1. c4 Nf6 2. Nc3 g6 3. e4 Bg7 4. d4 O-O 5. Be2 d6 6. Nf3 e5 7. O-O Nc6 8. d5 Ne7 9. b4 a5 10. Ba3 axb4 11. Bxb4 Nd7 12. a4 f5 13. Ng5 Nf6 14. Bf3 h6 15. Ne6 Bxe6 16. dxe6 Nc6 17. Ba3 Re8 18. c5 dxc5 19. Bxc5 Qxd1 20. Rfxd1 Rxe6 21. Nb5 Rc8 22. exf5 gxf5 23. Rac1 e4 24. Be2 Ree8 25.
Bc4+ Kh8 26. Bf7 Re5 27. f4 exf3 28. gxf3 f4 29. Kf2 Bf8 30. Bxf8 Rxf8 31. Bb3 Rh5 32.
Kg2 Ne5 33. Nxc7 Rg5+ 34. Kf2 Rh5 35. Kg2 Ng6 36. Rc3 Nh4+ 37. Kh1 Nf5 38. Ne6 Rg8 39. Nxf4 Ng3+ 40. Kg2 Ne2+ 41. Bxg8 Nxf4+ 42. Kh1 Kxg8 43. Rc7 N6d5 44. Rxb7 Re5 45. a5 1-0

[Event "GrandPrix_30.05"]
[Site "Chess.com"]
[Date "2020.05.30"]
[Round "3"]
[White "SergeyVashchilov"]
[Black "Nikame"]
[Result "0-1"]
[WhiteElo "2050"]
[BlackElo "2228"]
[TimeControl "600+2"]
[EndTime "9:23:58 PDT"]
[Termination "Nikame won on time"]

1. e4 c5 2. Nf3 Nc6 3. Bb5 Nf6 4.
Nc3 e5 5. Bxc6 dxc6 6. Nxe5 Nxe4 7. Qe2 Nxc3 8. dxc3 Be6 9. Be3 Be7 10. Rd1 Qa5 11.
a3 O-O 12. O-O Rfe8 13. f4 Bf6 14. Qf2 Qb5 15. b3 c4 16. a4 Qa5 17. b4 Qc7 18. Bd4 Bd5 19. Qg3 a5 20. b5 c5 21. Ng4 Bxd4+ 22.
cxd4 Kh8 23. dxc5 Qxc5+ 24. Qf2 Qxf2+ 25. Rxf2 Be4 26. Rd4 Bf5 27. Ne5 f6 28. Nxc4 Re1+ 29. Rf1 Re2 30. Nxa5 h6 31. Nxb7 Be4 32. Rfd1 Bxb7 33.
Rd8+ Kh7 34. Rxa8 Bxa8 35. Rd8 Be4 36. Rb8 Rxg2+ 37. Kf1 Rxc2 38. a5 Rxh2 39. Ke1 Ra2 40. a6 Bd3 41. Kd1 Kg6 42. Rb7 Bxb5 43. Rxb5 Rxa6 44. Ke2 Ra3 45. Kf2 h5 46. Rc5 h4 47. Kg2 Kh6 48. Kf2 Ra2+ 49. Kf3 h3 50. Kg3 h2 51. Rc1 Kh5 52. Rc5+ f5 53. Rc1 Rb2 54.
Rd1 g5 55. fxg5 Kxg5 56. Rh1 f4+ 57. Kf3 Kh4 58. Kxf4 Rf2+ 59. Ke3 Kg3 60. Rc1 Rg2 61. Rh1 Rg1 0-1

[Event "GrandPrix_30.05"]
[Site "Chess.com"]
[Date "2020.05.30"]
[Round "3"]
[White "EvgenyRomanov"]
[Black "Alex_Krayz"]
[Result "1-0"]
[WhiteElo "2104"]
[BlackElo "2161"]
[TimeControl "600+2"]
[EndTime "9:24:00 PDT"]
[Termination "EvgenyRomanov won on time"]

1. d4 Nf6 2. c4 e6 3. Nf3 b6 4. g3 Ba6 5. Qb3 Bb7 6. Bg2 c5 7. dxc5 Bxc5 8. O-O Be7 9. Nc3 Na6 10. Bf4 Nc5 11.
Qc2 O-O 12. Rfd1 a6 13. b4 Nce4 14. Nxe4 Bxe4 15. Qb3 d6 16. Rac1 Qb8 17. Qe3 Rd8 18.
c5 bxc5 19. bxc5 h6 20. Rd4 e5 21. Rxe4 exf4 22. gxf4 Nxe4 23. Qxe4 Qb2 24. Rd1 Bf8 25.
cxd6 Rac8 26. d7 Rc1 27. Qd3 Qa1 28. Rf1 Rxf1+ 29. Bxf1 Bc5 30. e3 Qf6 31. Ne5 Qd6 32.
Qc4 Rf8 33. d8=Q Qxd8 34. Qxc5 a5 35. Bc4 Qd2 36. Qd5 Qc1+ 37. Kg2 Qb2 38. Ng6 1-0

[Event "GrandPrix_30.05"]
[Site "Chess.com"]
[Date "2020.05.30"]
[Round "3"]
[White "LiamVrolijk"]
[Black "Zakaryan_David"]
[Result "1-0"]
[WhiteElo "2417"]
[BlackElo "1578"]
[TimeControl "600+2"]
[EndTime "9:24:01 PDT"]
[Termination "LiamVrolijk won by checkmate"]

1. d4 Nf6 2. Bg5 Ne4 3. Bf4 d5 4. e3 c5 5. Bd3 Nf6 6. dxc5 Nc6 7. Nf3 Bg4 8. Bb5 e6 9. b4 a5 10. c3 Be7 11. Nbd2 O-O 12. Qb3 Nh5 13. Bxc6 bxc6 14. Ne5 a4 15. Qb2 a3 16. Qc1 Nxf4 17. exf4 Bf5 18.
Nxc6 Qd7 19. Nxe7+ Qxe7 20. O-O h6 21. Re1 Kh7 22. Nb3 Rg8 23. Nd4 Qf6 24. Qe3 Be4 25. f3 Bg6 26. Qe5 Qh4 27. Rad1 Rae8 28.
Nb5 f6 29. Qe3 e5 30. Nd6 exf4 31. Qf2 Rxe1+ 32. Qxe1 Qh5 33. c6 Bc2 34. Rd2 Ba4 35. b5 d4 36. Rxd4 Qc5 37. Qb1+ g6 38. Qb4 Qe5 39. Ne4 Bxb5 40. Rd5 Qe6 41. Qxb5 f5 42. Rd7+ Kh8 43. Qc5 fxe4 44. Qd4+ Rg7 45. Qxg7# 1-0

[Event "GrandPrix_30.05"]
[Site "Chess.com"]
[Date "2020.05.30"]
[Round "3"]
[White "Tokarev_Sergey"]
[Black "BlackBoarder"]
[Result "0-1"]
[WhiteElo "1987"]
[BlackElo "2164"]
[TimeControl "600+2"]
[EndTime "9:24:03 PDT"]
[Termination "BlackBoarder won by resignation"]

1. c4 e6 2. Nc3 d5 3. cxd5 exd5 4. d4 c6 5. Nf3 Nf6 6. g3 Bd6 7. Bg2 O-O 8. O-O Re8 9. Bf4 Bf5 10. Ne5 Qe7 11. f3 Nbd7 12. Nd3 Bxf4 13. Nxf4 Qe3+ 14. Kh1 Nb6 15. Na4 Nc4 16. b3 Nd2 17. Re1 Qxd4 18.
Nd3 Qe3 19. Nab2 c5 20. Rc1 c4 21. bxc4 dxc4 22. Nxc4 Nxc4 23. Rxc4 Bxd3 24. Rc3 Rad8 25. Qb3 Qf2 26. Rf1 Qxe2 27. h4 Bf5 28. Rfc1 h6 29.
Rc7 Be6 30. Qxb7 Qxa2 31. R7c2 Qa3 32. Rc3 Qa5 33. Rc5 Qb6 34. Qc7 Qxc7 35. Rxc7 Rc8 36. f4 a5 37. Rxc8 Rxc8 38. Ra1 Rc5 39. Bf1 Ne4 40. Kg2 Nc3 41. Rc1 a4 42. Bd3 a3 43. Ra1 a2 44. Kf3 Rc7 45. Bc2 g6 46. h5 gxh5 47. f5 Bd5+ 48. Kf4 Rb7 49. Re1 Kf8 50.
f6 Rb1 51. Bxb1 axb1=Q 52. Re5 Qg6 53. Ke3 Qxf6 54. Kd4 Kg7 55. g4 hxg4 56. Kd3 Qxe5 57. Kc2 g3 58. Kd3 0-1

[Event "GrandPrix_30.05"]
[Site "Chess.com"]
[Date "2020.05.30"]
[Round "3"]
[White "Vesper2018"]
[Black "OK97"]
[Result "0-1"]
[WhiteElo "1929"]
[BlackElo "2328"]
[TimeControl "600+2"]
[EndTime "9:24:07 PDT"]
[Termination "OK97 won by resignation"]

1. e4 g6 2. d4 Bg7 3. Nc3 d6 4. f4 Nf6 5. Nf3 O-O 6. Bd3 Nc6 7. O-O e5 8. fxe5 dxe5 9. d5 Ne7 10. Bc4 Ne8 11.
Qe2 Nd6 12. Bb3 Bd7 13. a4 a5 14. Be3 b6 15. Qd2 Kh8 16. Bh6 f6 17. Bxg7+ Kxg7 18. Qe3 Bc8 19. Nb5 Nxb5 20. axb5 Qd6 21. Nd2 Bd7 22. Nc4 Qb4 23. d6 cxd6 24. Nxb6 Rad8 25. c4 Be6 26. Ra4 Qc5 27. Qxc5 dxc5 28. Rxa5 Rd3 29. Bc2 Rd2 30. Kh1 Rxc2 31. Ra7 Rf7 32. Rc7 Bxc4 33.
Nxc4 Rxc4 34. Ra1 Ng8 35. b6 Rb4 36. Raa7 Nh6 37. Ra6 Rxb2 38. h3 Rb4 39. Rxc5 Rxe4 40. Rb5 Rb7 41. Ra7 Rxa7 42. bxa7 Ra4 43. Rb7+ Nf7 44. Kg1 Ra2 45. Kf1 e4 46. Ke1 f5 47.
Kd1 f4 0-1

[Event "GrandPrix_30.05"]
[Site "Chess.com"]
[Date "2020.05.30"]
[Round "3"]
[White "Dolphin_2010"]
[Black "lelajavakhishvili"]
[Result "0-1"]
[WhiteElo "2013"]
[BlackElo "2201"]
[TimeControl "600+2"]
[EndTime "9:24:15 PDT"]
[Termination "lelajavakhishvili won by checkmate"]

1. e4 d6 2. d4 Nf6 3. Nc3 g6 4. f4 Nc6 5. Nf3 Bg4 6. Be3 Bg7 7. h3 Bxf3 8. Qxf3 Nd7 9. Rd1 O-O 10.
Be2 e5 11. dxe5 dxe5 12. f5 Nd4 13. Qg3 Nxc2+ 14. Kf2 Nd4 15. h4 Kh8 16. h5 gxf5 17. h6 Bf6 18. exf5 Nxf5 19. Qf3 Nd4 20. Bxd4 exd4 21.
Qf5 Rg8 22. Bd3 Rg6 23. Nd5 Ne5 24. Be4 Qd6 25. Kg1 Ng4 26. Rh3 d3 27. Nxf6 Qb6+ 28. Kh1 Nf2+ 29. Kh2 Qd6+ 30. g3 Qxf6 31. Qxf6+ Rxf6 32. Rxd3 Nxd3 33. Bxd3 Rd8 34. g4 Rf2+ 35. Kg1 Rxb2 36.
Re3 Kg8 37. a3 Kf8 38. Bf1 Rd1 39. Rf3 Rbb1 40. Kg2 Rxf1 41. Rxf1 Rxf1 42. Kxf1 f6 43. Ke2 Kf7 44. Ke3 Kg6 45. Kf4 Kxh6 46. Kf5 Kg7 47. Ke6 c5 48. Kd5 b6 49. Kc6 c4 50. Kb7 c3 51.
Ka6 c2 52. Kb7 c1=Q 53. Ka6 Qxa3+ 54. Kb7 b5 55. Kc6 b4 56. Kb7 b3 57. Kc6 b2 58.
Kb7 b1=Q+ 59. Kc6 Qc3+ 60. Kd7 Qd1+ 61. Ke8 Qe3# 0-1

[Event "GrandPrix_30.05"]
[Site "Chess.com"]
[Date "2020.05.30"]
[Round "3"]
[White "chess_big_master"]
[Black "jacky72"]
[Result "0-1"]
[WhiteElo "2030"]
[BlackElo "2259"]
[TimeControl "600+2"]
[EndTime "9:24:28 PDT"]
[Termination "jacky72 won by resignation"]

1. d4 Nf6 2. Nf3 g6 3. g3 Bg7 4. Bg2 O-O 5. O-O d6 6. b3 a5 7. Bb2 a4 8. c4 axb3 9. axb3 Rxa1 10. Bxa1 Nc6 11. d5 Nb4 12. Nd4 Bd7 13. Nc3 c5 14. dxc6 bxc6 15. Qd2 Qc7 16. Ne4 Nxe4 17. Bxe4 Qb6 18.
Bc3 c5 19. Nf3 Bxc3 20. Qxc3 Nc6 21. Ra1 Rb8 22. Bc2 Nb4 23. Bb1 Bc6 24. h4 Bxf3 25. Qxf3 Nc6 26. h5 Ne5 27. Qe4 Qxb3 28. Bd3 Qb7 29.
Rb1 Qc8 30. Rxb8 Qxb8 31. h6 Qf8 32. Qh4 f5 33. f3 Nf7 34. g4 fxg4 35. fxg4 Nxh6 36.
Be4 e6 37. Bf3 Qf4 38. Qd8+ Kg7 39. Qe7+ Nf7 40. Qxe6 Qe5 41. Qd7 Qd4+ 42. Kg2 Qxc4 43. Qb7 Qf4 44. Qd7 c4 45. Bd5 c3 46. Bxf7 Qxf7 47.
Qxd6 Qf6 48. Qc7+ Kh6 49. Qc5 Qf4 50. Kh3 Qf1+ 51. Kg3 Qe1+ 52. Kh3 Qf1+ 53. Kg3 Qf6 54. Kh3 g5 55. Kg2 Kg6 56. Qc4 h5 57. Qd3+ Kh6 58.
gxh5 Qc6+ 59. Kf2 c2 60. Qd4 Kxh5 61. Qh8+ Kg4 62. Qd4+ Kf5 63. Qd3+ Kf6 64. Qd4+ Kg6 65. Qd3+ Kh6 66. Qh3+ Kg7 67. Qf5 Qf6 68. Qxf6+ Kxf6 69. Ke3 c1=Q+ 0-1

[Event "GrandPrix_30.05"]
[Site "Chess.com"]
[Date "2020.05.30"]
[Round "3"]
[White "Bengalas"]
[Black "AlexVanGog"]
[Result "1/2-1/2"]
[WhiteElo "2227"]
[BlackElo "2475"]
[TimeControl "600+2"]
[EndTime "9:24:30 PDT"]
[Termination "Game drawn by stalemate"]

1. d4 Nf6 2. c4 g6 3. Nc3 d5 4.
Nf3 Bg7 5. Bf4 O-O 6. e3 c5 7. dxc5 Ne4 8. Rc1 Qa5 9. cxd5 Nxc3 10. Qd2 Nd7 11. bxc3 Nxc5 12. Be5 Bxe5 13. Nxe5 Rd8 14. Bc4 e6 15. O-O exd5 16. Bb3 Qc7 17. Nd3 Nxd3 18. Qxd3 Be6 19. h4 h5 20. Qd4 b6 21. Rfd1 Rac8 22. Qf6 Rd6 23. Qd4 Rc6 24. Bxd5 Bxd5 25. Qxd5 Rxc3 26.
Rxc3 Qxc3 27. g3 Kg7 28. Qd7 Rc7 29. Qd8 Rc5 30. Qd4+ Qxd4 31. Rxd4 Ra5 32. a4 Kf6 33. Kg2 Ke6 34. Kf3 Rd5 35. Rc4 Rf5+ 36. Ke2 Kd6 37. e4 Rc5 38. Rd4+ Ke6 39. Kf3 Rc3+ 40. Kf4 f6 41. Rb4 Ra3 42. Rd4 Rb3 43. Rc4 Kd6 44. Rd4+ Kc5 45. Rd5+ Kb4 46. Rd6 Kxa4 47. Rxf6 Rb2 48.
f3 a5 49. e5 Kb5 50. Rxg6 a4 51. Kf5 a3 52. Rg8 Kb4 53. Ra8 b5 54. e6 Re2 55.
Kf6 a2 56. e7 Kb3 57. f4 b4 58. f5 Kb2 59. Kf7 b3 60. e8=Q Rxe8 61. Kxe8 a1=Q 62.
Rxa1 Kxa1 63. f6 b2 64. f7 b1=Q 65. f8=Q Qe1+ 66. Qe7 Qxg3 67. Qg5 Qf3 68. Ke7 Kb1 69. Ke6 Kc2 70. Qf5+ Qxf5+ 71. Kxf5 Kd3 72. Kg5 Ke4 73.
Kxh5 Kf5 74. Kh6 Kf6 75. Kh7 Kf7 76. h5 Kf8 77. h6 Kf7 78. Kh8 Kf8 79. h7 Kf7 1/2-1/2

[Event "GrandPrix_30.05"]
[Site "Chess.com"]
[Date "2020.05.30"]
[Round "3"]
[White "arminmusovic"]
[Black "chessfreak35"]
[Result "1-0"]
[WhiteElo "2281"]
[BlackElo "2424"]
[TimeControl "600+2"]
[EndTime "9:24:35 PDT"]
[Termination "arminmusovic won by resignation"]

1. a3 g6 2. Nc3 Bg7 3. e4 e5 4. Nf3 Nc6 5. Bc4 Nge7 6. Ba2 d6 7. h3 O-O 8. O-O h6 9. d3 Kh7 10. Nh2 f5 11. f4 Bd7 12. Be3 Qe8 13. Qd2 fxe4 14. dxe4 exf4 15. Bxf4 g5 16. Be3 Qg6 17. Nd5 Nxd5 18. exd5 Ne5 19. c4 Kh8 20. Bd4 Qd3 21. Rad1 Rxf1+ 22. Nxf1 Nf3+ 23. gxf3 Bxd4+ 24. Kg2 Qxd2+ 25. Rxd2 Be5 26. Re2 Re8 27. Bb1 Kg7 28. Ne3 Bf4 29. Nf5+ Kf6 30. Rxe8 Bxe8 31. Nxh6 Ke5 32. b3 Kd4 33. Nf5+ Kc3 34. Ng7 Bf7 35. Ne6 Kxb3 36. h4 Kxc4 37. hxg5 Bxe6 38. dxe6 Bxg5 39. f4 Be7 40.
Kf3 d5 41. Kg4 d4 42. Kf5 d3 43. Kg6 d2 44. Bc2 Kd5 45. Kf7 Bh4 46. e7 Bxe7 47. Kxe7 d1=Q 48. Bxd1 Ke4 49. Bf3+ Kxf4 50. Bxb7 Ke5 51.
Bc6 Kd4 52. Kd7 Kc4 53. Kxc7 a5 54. a4 Kc5 55. Bb5 1-0

[Event "GrandPrix_30.05"]
[Site "Chess.com"]
[Date "2020.05.30"]
[Round "3"]
[White "BogdanBelyakov89"]
[Black "Sam_ChessMood"]
[Result "1/2-1/2"]
[WhiteElo "2298"]
[BlackElo "2527"]
[TimeControl "600+2"]
[EndTime "9:24:37 PDT"]
[Termination "Game drawn by agreement"]

1. e4 c5 2. c3 d5 3. exd5 Qxd5 4. Nf3 g6 5. Na3 Bg7 6. Bc4 Qd8 7. Qb3 e6 8. d4 cxd4 9. Nxd4 Nf6 10. O-O O-O 11. Rd1 Qe7 12. Bg5 Nbd7 13. Re1 Nc5 14. Qc2 Bd7 15. b4 Na4 16. Bb3 Nb6 17. Nc4 Nxc4 18.
Bxc4 a5 19. a3 Rfc8 20. Qe2 axb4 21. axb4 Rxa1 22. Rxa1 Qd6 23. Bd2 Nd5 24. Bxd5 Qxd5 25. h3 e5 26. Nf3 Bc6 27. Be1 h6 28. Rd1 Qe6 29. Nd2 Bd5 30. Nf1 Bb3 31. Ra1 Bc4 32.
Qe4 Bd5 33. Qe2 Qc6 34. Ne3 Be6 35. Rd1 Kh7 36. c4 Qe4 37. c5 Ra8 38. Qd3 Qc6 39.
Rc1 Qd7 40. Qxd7 Bxd7 41. Nc4 Bc6 42. Nd6 Bf8 43. Nxf7 e4 44. Nd6 Rd8 45. Bd2 Bxd6 46. cxd6 Rxd6 47. Be3 Rd5 48. Bc5 1/2-1/2

[Event "GrandPrix_30.05"]
[Site "Chess.com"]
[Date "2020.05.30"]
[Round "3"]
[White "Haykos"]
[Black "ehrenfeld"]
[Result "1-0"]
[WhiteElo "2232"]
[BlackElo "1986"]
[TimeControl "600+2"]
[EndTime "9:24:38 PDT"]
[Termination "Haykos won on time"]

1. e4 e5 2. Nf3 Nc6 3. Bc4 Nf6 4. d3 h6 5. c3 d6 6. a4 g5 7. a5 a6 8. Nbd2 g4 9. Ng1 Bg7 10. Ne2 O-O 11. O-O d5 12. exd5 Nxd5 13. Ne4 Kh8 14. Qb3 Nce7 15. f4 f5 16. N4g3 exf4 17. Nxf4 Nxf4 18. Bxf4 Ng6 19. Nh5 Nxf4 20. Nxf4 Qd6 21. Rae1 Bd7 22. Be6 Kh7 23. d4 Bb5 24. Rf2 Rae8 25.
Nh5 f4 26. Qc2+ Kh8 27. Qg6 Qe7 28. Qxg4 Qg5 29. Qh3 Bc4 30. Nxg7 Kxg7 31. Re5 Qxe5 32. dxe5 Rxe6 33. Qg4+ Rg6 34. Qf3 c6 35. Qe4 Bd5 36.
Qd4 Kh7 37. c4 Be6 38. Rxf4 Rfg8 39. g3 R8g7 40. Rf6 Rg4 41. Qe3 Bxc4 42. Rxh6+ Kg8 43. Qd2 Bd5 44. Qf2 Rf7 45. Qe2 Ra4 46. Rf6 Ra1+ 47. Kf2 Rg7 48. e6 Rh1 49. Ke3 Rg5 50. Kf4 1-0

[Event "GrandPrix_30.05"]
[Site "Chess.com"]
[Date "2020.05.30"]
[Round "3"]
[White "kotmizer"]
[Black "Korchmar_Vasiliy"]
[Result "0-1"]
[WhiteElo "2205"]
[BlackElo "2114"]
[TimeControl "600+2"]
[EndTime "9:24:46 PDT"]
[Termination "Korchmar_Vasiliy won by resignation"]

1. e4 c5 2. Nf3 d6 3. d4 cxd4 4.
Nxd4 Nf6 5. Nc3 Nc6 6. Nxc6 bxc6 7. Bd3 g6 8. O-O Bg7 9. f4 O-O 10. Kh1 Rb8 11. Qe1 Nd7 12. Rf3 Nc5 13. Bf1 d5 14. e5 Bf5 15. Bd3 Nxd3 16. cxd3 c5 17. Qh4 f6 18. g4 Bc8 19. f5 fxe5 20. fxg6 hxg6 21. Rh3 Rf1+ 22. Kg2 Rf6 23. Kg1 Rb4 24. Rg3 Rf3 25. h3 Qf8 26. Bg5 Bb7 27. Rg2 e4 28. Bxe7 Bd4+ 29. Kh2 Be5+ 30. Kg1 Bd4+ 31. Kh2 Qf7 32. Bd6 Rb6 33. Qd8+ Kg7 34. Na4 Rc6 35. Nxc5 Rxc5 36. dxe4 dxe4 37. Rd1 Rd5 38. Rxd4 Rxd6 39. Qxd6 e3 40. Qe5+ Kh7 41. Qg5 Rf2 42. Qh4+ Kg7 43. Rxf2 exf2 44. Rd1 f1=Q 45. Rxf1 Qxf1 46. Qe7+ Qf7 47.
Qe5+ Kh7 48. Qd4 Qc7+ 49. Kg1 Qg3+ 50. Kf1 Ba6+ 0-1

[Event "GrandPrix_30.05"]
[Site "Chess.com"]
[Date "2020.05.30"]
[Round "3"]
[White "elohunter1999"]
[Black "weplaychess09"]
[Result "0-1"]
[WhiteElo "2174"]
[BlackElo "2075"]
[TimeControl "600+2"]
[EndTime "9:24:50 PDT"]
[Termination "weplaychess09 won by resignation"]

1. e4 e5 2. Nf3 Nc6 3. Bb5 a6 4. Ba4 Nf6 5. O-O Be7 6. Re1 b5 7. Bb3 d6 8. c3 O-O 9. h3 Nb8 10. d4 Nbd7 11. c4 c6 12. Nc3 Qc7 13. a3 Bb7 14.
Be3 Rfe8 15. Qc2 Bf8 16. Rad1 Rad8 17. Nh4 bxc4 18. Bxc4 d5 19. Ba2 Qb8 20. exd5 Nxd5 21. Nxd5 cxd5 22. dxe5 Nxe5 23. Nf5 Rc8 24. Qe2 Nc4 25. Qg4 g6 26. Bd4 Rxe1+ 27. Rxe1 Re8 28. Rxe8 Qxe8 29. Qg5 Qe1+ 30. Kh2 Qe6 31. Nh6+ Bxh6 32. Qxh6 Qd6+ 33. Kg1 f6 34. h4 Bc8 35. Bb1 Qe7 36.
h5 Qe1+ 37. Kh2 Qxb1 38. Bxf6 Kf7 39. Qg7+ Ke6 40. g4 Kd6 41. Qe7+ Kc6 42. Bd4 Qe4 43.
Qc5+ Kd7 44. Qa7+ Ke8 45. Qxh7 Qf4+ 46. Kh1 Qxd4 47. Qg8+ Kd7 48. hxg6 Qe4+ 49. Kh2 Qf4+ 50. Kh1 Qxf2 51. Qxd5+ Nd6 52. g7 Qh4+ 53. Kg1 Qxg4+ 54. Qg2 Qxg2+ 55. Kxg2 Bb7+ 56. Kf2 Bd5 57. Ke3 Ne8 58. Kd4 Bg8 59. Kc5 Kc7 60. b4 Nd6 61. a4 Nb7+ 62.
Kd4 Kb6 63. b5 a5 64. Ke5 Nc5 0-1

[Event "GrandPrix_30.05"]
[Site "Chess.com"]
[Date "2020.05.30"]
[Round "3"]
[White "MiroVlasenko"]
[Black "Olga_Girya"]
[Result "0-1"]
[WhiteElo "2315"]
[BlackElo "2231"]
[TimeControl "600+2"]
[EndTime "9:24:51 PDT"]
[Termination "Olga_Girya won by resignation"]

1. d4 Nf6 2. Bg5 d5 3. e3 c5 4. Bxf6 gxf6 5. dxc5 e6 6. c4 dxc4 7. Qxd8+ Kxd8 8. Bxc4 Bxc5 9. Ne2 b6 10. Nd2 Bb7 11.
O-O Rg8 12. g3 Nd7 13. Nc3 Ne5 14. Be2 f5 15. Nb3 Bb4 16. f4 Ng4 17. Bxg4 fxg4 18.
Rad1+ Ke7 19. Rd4 Bxc3 20. bxc3 Rgd8 21. f5 Rxd4 22. f6+ Kd6 23. Nxd4 Ke5 24. Rf4 Rc8 25. c4 h5 26. Nb3 Rd8 27. Nd4 Rc8 28. Nb3 Ba6 29.
c5 bxc5 30. Ra4 Bd3 31. Ra5 Kxf6 32. Nxc5 Bg6 33. Kf2 Rc7 34. e4 e5 35. Ke3 Ke7 36. Nd3 f6 37. Nb4 Bf7 38. Rxa7 Rxa7 39. Nc6+ Kd6 40.
Nxa7 Bxa2 41. Nb5+ Ke6 42. Nc7+ Kd7 43. Nb5 Bc4 44. Nc3 Kc6 45. Nd1 Kc5 46. Nf2 Kb4 47. h3 gxh3 48. Nxh3 Kc3 49. Ng1 Kc2 50. Nf3 Kd1 51.
Nh4 Ke1 52. Ng6 Kf1 53. Ne7 Kg2 54. Nf5 Be6 55. Ng7 Bf7 56. Nf5 Be8 57. Ke2 Bd7 58.
Ng7 Bg4+ 59. Ke1 Kxg3 60. Ne8 h4 0-1

[Event "GrandPrix_30.05"]
[Site "Chess.com"]
[Date "2020.05.30"]
[Round "3"]
[White "Kostya_Nikologorskiy"]
[Black "gygygygygyggygygygy"]
[Result "0-1"]
[WhiteElo "2182"]
[BlackElo "2039"]
[TimeControl "600+2"]
[EndTime "9:24:52 PDT"]
[Termination "gygygygygyggygygygy won by resignation"]

1. e4 Nf6 2. e5 Nd5 3. d4 d6 4. c4 Nb6 5. exd6 cxd6 6. Nf3 g6 7. Be2 Bg7 8. O-O O-O 9. b3 Nc6 10. Bb2 Bg4 11. h3 Bxf3 12. Bxf3 d5 13. c5 Nc8 14. Na3 e6 15. Nc2 N8e7 16. b4 Nf5 17. b5 Na5 18.
Bc3 Nc4 19. Qd3 Qg5 20. Rae1 Nh4 21. Bg4 h5 22. f4 Qf6 23. Be2 Nf5 24. Qf3 b6 25. c6 Nfd6 26. Bxc4 Nxc4 27. Nb4 Nd6 28. a4 Ne4 29. Rd1 h4 30. Bb2 Rfc8 31. Nd3 a6 32. Ne5 axb5 33. axb5 Qe7 34. Qb3 Ra5 35. Nd7 Qd8 36.
Rfe1 Nd6 37. Ba3 Nxb5 38. Bb4 Nxd4 39. Qe3 Nc2 40. Qxb6 Nxb4 41. Qxb4 Rxc6 42. Rc1 Rxc1 43. Rxc1 Ra8 44. Qb7 Bd4+ 45. Kh1 Ra7 46. Rc8 Rxb7 47. Rxd8+ Kg7 48. g3 hxg3 49. Kg2 Bf2 50. Ne5 Rb2 51. Nd3 Rd2 52. Nxf2 gxf2 0-1

[Event "GrandPrix_30.05"]
[Site "Chess.com"]
[Date "2020.05.30"]
[Round "3"]
[White "Kiril1965"]
[Black "ploky25"]
[Result "1-0"]
[WhiteElo "2593"]
[BlackElo "2185"]
[TimeControl "600+2"]
[EndTime "9:24:57 PDT"]
[Termination "Kiril1965 won by resignation"]

1. c4 c5 2. Nf3 Nc6 3. Nc3 e5 4. e3 Nf6 5. a3 Be7 6. Qc2 O-O 7. Be2 d5 8. cxd5 Nxd5 9. Nxd5 Qxd5 10. d3 Bg4 11. O-O Rad8 12. Rd1 Kh8 13. b3 Qe6 14. Bb2 Rd7 15. Qc4 f6 16. h3 Bf5 17. g4 Qxc4 18. bxc4 Be6 19. Bc3 Rfd8 20. Nd2 Kg8 21. Rab1 Kf7 22. Ne4 b6 23. Rd2 h5 24. Kg2 hxg4 25. hxg4 Rh8 26. Ng3 g6 27. Bf3 Rc7 28. Bd5 Rd8 29. e4 Rh8 30. Rdd1 Nd4 31. Rh1 Rcc8 32. a4 Nc2 33. g5 Nb4 34. Rbd1 fxg5 35. Bxe5 Rh4 36. Ne2 Bf6 37. Bg3 Rxh1 38. Rxh1 Rh8 39.
Rxh8 Bxh8 40. Bb8 Nxd3 41. Bxa7 Nb2 42. Bxb6 Nxa4 43. Bd8 Nb2 44. Bxe6+ Kxe6 45. Bxg5 Nxc4 46. Nf4+ Kf7 47. Nd5 Bd4 48. Kf3 Nd6 49. Bh4 Be5 50.
Ke3 c4 51. f3 Ke6 52. Be1 Bb2 53. Bb4 Nb5 54. Nf4+ Kf7 55. Ne2 Ke6 56. Ba5 Bg7 57.
Bb6 Bh6+ 58. f4 Bg7 59. Ba5 Bb2 1-0

[Event "GrandPrix_30.05"]
[Site "Chess.com"]
[Date "2020.05.30"]
[Round "3"]
[White "Kezin_Roman"]
[Black "AliKa2810"]
[Result "1-0"]
[WhiteElo "2532"]
[BlackElo "2177"]
[TimeControl "600+2"]
[EndTime "9:24:57 PDT"]
[Termination "Kezin_Roman won on time"]

1. d4 Nf6 2. c4 e6 3. g3 d5 4. Bg2 Bb4+ 5. Bd2 Be7 6. Nf3 O-O 7. O-O Nbd7 8. Qc2 c6 9. Rd1 b6 10.
Bf4 Bb7 11. Nc3 dxc4 12. Nd2 Nd5 13. Nxc4 Nxf4 14. gxf4 Qc7 15. e3 Rad8 16. Rac1 c5 17. d5 exd5 18. Bxd5 Nf6 19. Bxb7 Qxb7 20. a4 g6 21. b3 a6 22. Qe2 Rxd1+ 23. Rxd1 Rd8 24. Rxd8+ Bxd8 25. e4 Qd7 26. e5 Nh5 27. Qf3 Qd4 28. Ne4 b5 29. axb5 axb5 30. Ncd6 c4 31. bxc4 bxc4 32. f5 Qa1+ 33. Kg2 Qxe5 34. Nxc4 Nf4+ 35. Kg3 Nh5+ 36. Kg2 Qg7 37. Ng3 Nxg3 38. hxg3 gxf5 39. Qxf5 Bf6 40. Nd6 Be7 41. Ne4 h6 42. Qd5 Qg6 43.
Qa8+ Kg7 44. Qb7 Bf8 45. Qd5 Be7 46. Qe5+ Bf6 47. Qe8 Bd4 48. Qa8 Be5 49. Qd5 Bf6 50. Qd3 Be5 51. Qf3 Bf6 52. Nd6 1-0

[Event "GrandPrix_30.05"]
[Site "Chess.com"]
[Date "2020.05.30"]
[Round "3"]
[White "iceboy88"]
[Black "LANCELOT96"]
[Result "1/2-1/2"]
[WhiteElo "2333"]
[BlackElo "2163"]
[TimeControl "600+2"]
[EndTime "9:24:58 PDT"]
[Termination "Game drawn by repetition"]

1. Nf3 d5 2. g3 Nf6 3. Bg2 Bg4 4. O-O e6 5. c4 c6 6. cxd5 exd5 7.
d3 Nbd7 8. Nc3 Bc5 9. h3 Bh5 10. e4 O-O 11. g4 Bg6 12. e5 Ne8 13. d4 Be7 14. Ne1 f5 15. f4 Nc7 16. Nc2 Ne6 17.
Ne3 Qb6 18. Ne2 Rf7 19. gxf5 Bxf5 20. Nxf5 Rxf5 21. Be3 Raf8 22. Ng3 Rxf4 23. Bxf4 Nxf4 24. Rf2 Bh4 25. Qg4 Bxg3 26. Qxg3 Qxd4 27. Kh1 Nxe5 28. Raf1 Neg6 29. Qg4 Qe5 30. b4 Nxg2 31. Rxf8+ Nxf8 32. Qxg2 Nd7 33. Qg4 Qe7 34. Qf5 Nf6 35. a3 Qe4+ 36.
Qxe4 Nxe4 37. Kg2 Nf6 38. Kf3 Kf7 39. Kf4 Ke6 40. Re1+ Kd6 41. Kf5 Ne4 42. Rg1 g6+ 43. Kf4 b6 44. h4 c5 45. bxc5+ bxc5 46. Rb1 c4 47. Rb7 c3 48. Rb1 Kc5 49. Ke3 h6 50. Kd3 g5 51. hxg5 hxg5 52. Rb7 a5 53. Rc7+ Kd6 54. Ra7 g4 55. Rxa5 g3 56. Ra6+ Ke5 57.
Rg6 Kf4 58. a4 Nf2+ 59. Kxc3 Ng4 60. Rb6 g2 61. Rb1 Ne3 62. Rg1 Ke4 63. a5 d4+ 64.
Kd2 Nc4+ 65. Ke2 Nxa5 66. Rxg2 Nc4 67. Rg4+ Kd5 68. Rh4 Ne5 69. Rh8 Ke4 70. Rh4+ Kd5 71. Rh8 Ke4 72. Rh4+ Kd5 1/2-1/2

[Event "GrandPrix_30.05"]
[Site "Chess.com"]
[Date "2020.05.30"]
[Round "3"]
[White "Meizon19"]
[Black "MasterSonnevanck2"]
[Result "0-1"]
[WhiteElo "2281"]
[BlackElo "2158"]
[TimeControl "600+2"]
[EndTime "9:25:10 PDT"]
[Termination "MasterSonnevanck2 won on time"]

1. e4 e5 2. Nf3 Nc6 3. Nc3 Nf6 4. Be2 Be7 5. O-O O-O 6. d3 d6 7. h3 h6 8. Be3 Be6 9. d4 exd4 10. Nxd4 Nxd4 11. Bxd4 Nd7 12. f4 f5 13. exf5 Bxf5 14. Bc4+ Kh8 15. Nd5 Bh4 16. Qh5 Kh7 17. Ne3 Bg6 18.
Qg4 Bf6 19. f5 Be8 20. Rae1 c6 21. Bd3 d5 22. c4 c5 23. Bxf6 Nxf6 24. Qg3 dxc4 25.
Nxc4 Bc6 26. Ne5 Be8 27. Kh1 b5 28. Ng6 Bxg6 29. Qxg6+ Kh8 30. Bxb5 Rb8 31. a4 Rb6 32.
Re6 a6 33. Bc4 Rxb2 34. Bxa6 Qd4 35. Re7 Rg8 36. Bc8 Ne4 37. f6 Nxf6 38. Be6 Qd6 39. Bxg8 Qxe7 40. Bc4 Rb4 41. Bd3 Rd4 42. Bf5 c4 43. a5 c3 44. a6 Ra4 45. Bd3 Ra2 46. Qg3 Rb2 47. Bf5 c2 48. Qc3 Rb8 49. Qxc2 Nh5 50.
Qf2 Qe5 51. Kg1 Ng3 52. a7 Ra8 0-1

[Event "GrandPrix_30.05"]
[Site "Chess.com"]
[Date "2020.05.30"]
[Round "3"]
[White "BMOchsner"]
[Black "TheEternalPatzer"]
[Result "1-0"]
[WhiteElo "2282"]
[BlackElo "2042"]
[TimeControl "600+2"]
[EndTime "9:25:14 PDT"]
[Termination "BMOchsner won by resignation"]

1. e4 d6 2. d4 Nf6 3. Nc3 g6 4. Be3 c6 5. f3 Nbd7 6. h4 h5 7. Nh3 b5 8. Ng5 Qc7 9. Qd2 Bg7 10. a4 b4 11. Nd1 a5 12. Bc4 d5 13.
Bb3 e5 14. dxe5 Nxe5 15. Bf4 O-O 16. Nf2 dxe4 17. fxe4 Nfg4 18. O-O Qa7 19. Kh1 Ba6 20. Nd3 Rad8 21. Bxe5 Nxe5 22. Nxf7 Nxf7 23. Rxf7 Rxf7 24. Rf1 Rf8 25. Qf4 Bxd3 26. cxd3 Qe7 27. g3 Qe5 28. Bxf7+ Kh7 29. Kg2 Qxf4 30. Rxf4 Bxb2 31. Bxg6+ Kg7 32.
Rxf8 Kxf8 33. Bxh5 Be5 34. Bd1 Kg7 35. Kf3 Kf6 36.
Bb3 c5 37. Bc4 Kg6 38. g4 Kh6 39. Bf7 Kg7 40. Bb3 Kh6 41. Kg2 Kg6 42. Kh3 Kh6 43. g5+ Kg6 44. Kg4 Bd4 45. h5+ Kg7 46. Kf5 Be3 47.
h6+ Kh7 48. Bc4 Bd2 49. Bf7 Bc3 50. Kg4 c4 51. Bxc4 Bd2 52. Kh5 Kh8 53. Bb3 Bc1 54.
e5 Bf4 55. e6 Bd6 56. g6 Be7 57. g7+ Kh7 58. Kg4 Bf6 59. Kf5 1-0